 Dungeon Crawl Stone Soup version 0.23-a0-79-gaa8cc03057 (webtiles) character file.

71 Oravi the Gusty (level 4, -3/24 HPs)
             Began as a Tengu Air Elementalist on Aug 12, 2018.
             Slain by a hound (5 damage)
             ... on level 3 of the Dungeon.
             The game lasted 00:09:18 (2130 turns).

Oravi the Gusty (Tengu Air Elementalist)            Turns: 2130, Time: 00:09:19

Health: -3/24      AC:  3    Str:  8    XL:     4   Next: 24%
Magic:  1/8        EV: 19    Int: 17    God:
Gold:   79         SH:  4    Dex: 14    Spells: 2/8 levels left

rFire    + . .     SeeInvis .   g - +0 short sword
rCold    + . .     Gourm    .   b - +0 buckler
rNeg     . . .     Faith    .   a - +0 robe
rPois    +         Spirit   .   (helmet restricted)
rElec    +         Reflect  .   (no cloak)
rCorr    +         Harm     .   u - +0 pair of gloves
MR       .....                  (boots unavailable)
Stlth    ++........             (no amulet)
HPRegen  0.08/turn              s - +4 ring of evasion
MPRegen  0.11/turn              (no ring)

@: resistant, flying quickly and evasively, quick
A: beak, talons 3
a: no special abilities


You were on level 3 of the Dungeon.
You were not hungry.

You visited 1 branch of the dungeon, and saw 4 of its levels.

You collected 79 gold pieces.

Inventory:

Hand Weapons
 g - a +0 short sword (weapon)
Missiles
 f - 58 stones (quivered)
 k - 2 tomahawks
 r - 35 poisoned needles
Armour
 a - a +0 robe (worn)
 b - a +0 buckler (worn)
 q - a +0 ring mail
 u - a +0 pair of gloves (worn)
Jewellery
 s - a +4 ring of evasion (left hand)
Scrolls
 j - a scroll of teleportation
 n - a scroll of magic mapping
 o - a scroll of identify {unknown}
Potions
 h - a potion of flight
 i - a potion of heal wounds {unknown}
 m - a potion of berserk rage {unknown}
 p - a potion of might {unknown}
 t - a potion of haste {unknown}
 v - a potion of mutation {unknown}
Comestibles
 c - 2 rations
 l - 6 chunks of flesh


   Skills:
 - Level 2.1 Dodging
 - Level 2.0 Stealth
 + Level 1.7 Shields
 + Level 2.6 Spellcasting
 + Level 2.7 Conjurations
 + Level 4.7 Air Magic


You had 2 spell levels left.
You knew the following spells:

 Your Spells              Type           Power        Failure   Level  Hunger
a - Shock                 Conj/Air       ###.         4%          1    #......
b - Swiftness             Chrm/Air       ##......     14%         2    ##.....
c - Static Discharge      Conj/Air       ###.....     16%         3    ###....

Your spell library contained the following spells:

 Spells                   Type           Power        Failure   Level  Hunger
 Lightning Bolt           Conj/Air       ###.......   80%         5    ######.
 Confuse                  Hex            #.......     58%         3    ###....
 Airstrike                Air            ###.......   32%         4    #####..
 Confusing Touch          Hex            #.....       24%         1    #......
 Metabolic Englaciation   Hex/Ice        #.........   100%        5    ######.
 Petrify                  Tmut/Erth      #.......     94%         4    #####..
 Gell's Gravitas          Tloc           #.........   58%         3    ###....
 Yara's Violent Unravell  Hex/Tmut       #.........   100%        5    ######.


Dungeon Overview and Level Annotations

Branches:
Dungeon (4/15)
 Temple: D:4-7

Altars:


Innate Abilities, Weirdness & Mutations

You have a beak for a mouth.
You have claws for feet.


Message History

Aim: a hound (heavily wounded)
The zap misses the hound.
The hound closely misses you. You block the hound's attack.
Casting: Shock (safe; 4% risk of failure)
Confirm with . or Enter, or press ? or * to list all spells.
Aiming: Shock (safe; 4% risk of failure)
Press: ? - help, Shift-Dir - straight line, f/p - hound
Aim: a hound (heavily wounded)
The zap hits the hound.
The hound is almost dead.
The hound bites you.
* * * LOW HITPOINT WARNING * * *
You are too injured to fight recklessly!
It was a potion of resistance.
You feel protected. The hound closely misses you. The hound barely misses you.
It was a potion of flight.
You feel very buoyant.
You swoop lightly up into the air.
The hound bites you.
You die...

#.# #.# #.#
#.# #.# #.#
#.#.#####.#
$.$....>h@#
..........#
#.#.#....##
# #....#
#....#
######


You could see a hound.

Vanquished Creatures
  2 adders
  A worm (D:1)
  2 dart slugs (D:1)
  2 leopard geckos
  A ball python (D:1)
  6 bats
  2 giant cockroaches (D:1)
  3 goblins (D:2)
  5 hobgoblins
  3 jackals (D:2)
  A quokka (D:2)
  5 frilled lizards
  7 kobolds
  4 rats
44 creatures vanquished.

Notes
Turn   | Place    | Note
-------+----------+-------------------------------------------
     0 | D:1      | Oravi the Tengu Air Elementalist began the quest for the Orb.
     0 | D:1      | Reached XP level 1. HP: 10/10 MP: 4/4
   242 | D:1      | Reached XP level 2. HP: 15/15 MP: 1/6
   695 | D:1      | Reached skill level 1 in Shields
   698 | D:1      | Reached XP level 3. HP: 15/19 MP: 0/7
  1122 | D:1      | Learned a level 2 spell: Swiftness
  1126 | D:1      | Learned a level 3 spell: Static Discharge
  1889 | D:2      | Reached XP level 4. HP: 24/24 MP: 1/8
  2058 | D:2      | You fall through a shaft for 2 floors!
  2094 | D:4      | Noticed an ogre
  2130 | D:3      | Slain by a hound

Vault maps used:
D:1:      matt_arrival_grand_opening
D:2:      bh_walls_and_bars
D:4:      amethyst_overflow_temple_binary, serial_shops, shop,
          columned_hall_lemuel

Skill      XL: |  1  2 |
---------------+-------+-----
Conjurations   | 2 |  2.7
Shields        | 1 |  1.7
Dodging        | |  2.1
Stealth        | |  2.0
Spellcasting   | |  2.6
Air Magic      | |  4.7

Action                   |  1- 3 |  4- 6 || total
-------------------------+-------+-------++-------
Melee: Unarmed           |    14 |       ||    14
       Kick              |     3 |       ||     3
       Peck              |     2 |       ||     2
       Short sword       |    14 |     1 ||    15
Throw: Stone             |    20 |       ||    20
 Cast: Shock             |    69 |    13 ||    82
       Static Discharge  |       |     2 ||     2
  Use: Scroll            |       |     4 ||     4
       Potion            |       |     2 ||     2
 Stab: Sleeping          |     3 |       ||     3
  Eat: Chunk             |     4 |     1 ||     5
Armor: Robe              |     4 |       ||     4
Dodge: Dodged            |    31 |    13 ||    44
Block: Buckler           |     1 |     2 ||     3

Table legend:
 A = Non-vault XP
 B = Vault XP
 C = Vault XP percentage of total XP
 D = Non-vault monster count
 E = Vault monster count
 F = Vault count percentage of total count
 G = Total turns spent on level
                 A         B        C        D         E       F
            +---------+---------+-------+---------+---------+-------
      Total |     102 |       0 |   0.0 |      44 |       0 |   0.0
            +---------+---------+-------+---------+---------+-------
        D:1 |      42 |       0 |   0.0 |      22 |       0 |   0.0
        D:2 |      46 |       0 |   0.0 |      21 |       0 |   0.0
        D:4 |      14 |       0 |   0.0 |       1 |       0 |   0.0
            +---------+---------+-------+---------+---------+-------
